 Dungeon Crawl Stone Soup version 0.27.1-2-g3b301248ec (webtiles) character file.

Game seed: 134537755662509199

338 MisterFreud the Shield-Bearer (level 6, 0/53 HPs)
             Began as a Gnoll Fighter on Sept 29, 2021.
             Was a Believer of Uskayaw.
             Slain by an orc (4 damage)
             ... on level 4 of the Dungeon.
             The game lasted 00:03:37 (3895 turns).

MisterFreud the Shield-Bearer (Gnoll Fighter)       Turns: 3895, Time: 00:03:37

Health: 0/53       AC:  7    Str: 16    XL:     6   Next: 55%
Magic:  9/9        EV:  8    Int:  9    God:    Uskayaw [**....]
Gold:   163        SH: 10    Dex: 11    Spells: 9/9 levels left

rFire    + . .     SeeInvis .   a - +0 rapier
rCold    + . .     Faith    .   c - +0 kite shield
rNeg     . . .     Spirit   .   b - +0 scale mail
rPois    .         Reflect  .   (no helmet)
rElec    .         Harm     .   j - scarf {rC+ rF+}
rCorr    .         Rampage  .   (no gloves)
Will     .....                  (no boots)
Stlth    ..........             (no amulet)
HPRegen  0.17/turn              (no ring)
MPRegen  0.11/turn              (no ring)

@: hasted, very quick
A: fangs 1, strong nose, distributed training
a: Renounce Religion, Stomp, Line Pass


You were on level 4 of the Dungeon.
You worshipped Uskayaw.
Uskayaw was noncommittal.
You visited 1 branch of the dungeon, and saw 4 of its levels.

You collected 163 gold pieces.

Inventory:

Hand Weapons
 a - a +0 rapier (weapon)
 l - a +1 whip of venom
Missiles
 m - a throwing net (quivered)
 q - 2 silver boomerangs
 r - 2 boomerangs
Armour
 b - a +0 scale mail (worn)
 c - a +0 kite shield (worn)
 j - a scarf of resistance (worn)
Scrolls
 i - a scroll of enchant armour {unknown}
 n - 4 scrolls of identify {unknown}
Potions
 d - a potion of might
 e - a potion of cancellation {unknown}
 f - a potion of berserk rage {unknown}
 g - a potion of haste
 h - 2 potions of ambrosia {unknown}
 k - 2 potions of mutation {unknown}
 o - a potion of degeneration {unknown}
 p - a potion of lignification {unknown}


   Skills:
 + Level 6.8 Fighting
 + Level 5.0 Short Blades
 + Level 2.0 Long Blades
 + Level 2.0 Axes
 + Level 2.0 Maces & Flails
 + Level 2.0 Polearms
 + Level 2.0 Staves
 + Level 2.0 Slings
 + Level 2.0 Bows
 + Level 2.0 Crossbows
 + Level 2.0 Throwing
 + Level 6.8 Armour
 + Level 2.0 Dodging
 + Level 2.0 Stealth
 + Level 6.8 Shields
 + Level 2.0 Unarmed Combat
 + Level 2.0 Spellcasting
 + Level 1.6 Conjurations
 + Level 1.6 Hexes
 + Level 1.6 Summonings
 + Level 1.6 Necromancy
 + Level 1.6 Translocations
 + Level 1.6 Transmutations
 + Level 1.6 Fire Magic
 + Level 1.6 Ice Magic
 + Level 1.6 Air Magic
 + Level 1.6 Earth Magic
 + Level 1.6 Poison Magic
 + Level 2.2 Invocations
 + Level 2.0 Evocations


You had 9 spell levels left.
You didn't know any spells.
Your spell library contained the following spells:

 Spells                   Type           Power      Damage    Failure   Level
 Apportation              Tloc           6%         N/A       83%         1
 Summon Small Mammal      Summ           12%        N/A       83%         1
 Call Canine Familiar     Summ           3%         N/A       99%         3
 Dazzling Flash           Conj/Hex       6%         N/A       99%         3
 Ozocubu's Armour         Ice            3%         N/A       99%         3
 Summon Guardian Golem    Hex/Summ       3%         N/A       99%         3
 Iskenderun's Mystic Bla  Conj/Tloc      3%         2d3       100%        4
 Agony                    Necr           3%         N/A       100%        5
 Alistair's Intoxication  Tmut/Pois      2%         N/A       100%        5
 Metabolic Englaciation   Hex/Ice        1%         N/A       100%        5
 Silence                  Hex/Air        1%         N/A       100%        5
 Invisibility             Hex            1%         N/A       100%        6
 Simulacrum               Ice/Necr       1%         N/A       100%        6
 Starburst                Conj/Fire      1%         6d3       100%        6


Dungeon Overview and Level Annotations

Branches:
Dungeon (4/15)             Temple (0/1) D:4

Altars:
Uskayaw


Innate Abilities, Weirdness & Mutations

You have very sharp teeth.
Your uncanny sense of smell can sniff out nearby items.
Your experience applies equally to all skills.


Message History

Uskayaw prepares the audience for your solo!
Unknown command.
Your scale mail prevents you from hitting the orc.
The orc is no longer paralysed.
The orc priest is no longer paralysed.
The orc hits you but does no damage.
The orc wizard is no longer paralysed.
The orc is no longer paralysed.
The quokka skeleton is no longer paralysed.
The orc wizard hits you but does no damage.
The quokka skeleton barely misses you.
The orc priest calls upon Beogh to heal the orc.
The orc's wounds heal themselves!
You bump into the rock wall.
The orc wizard barely misses you.
The quokka skeleton bites you but does no damage.
The orc hits you with a +0 dagger.
You bump into the closed door.
The orc wizard hits you but does no damage.
The quokka skeleton barely misses you.
The orc priest calls down the wrath of Beogh upon you.
Beogh smites you!
* * * LOW HITPOINT WARNING * * *
You bump into the closed door.
The orc wizard hits you with a +0 dagger.
* * * LOW HITPOINT WARNING * * *
The quokka skeleton barely misses you. The orc hits you with a +0 whip.
* * * LOW HITPOINT WARNING * * *
The orc hits you but does no damage.
Unknown command.
You bump into the closed door.
The orc wizard hits you with a +0 dagger.
* * * LOW HITPOINT WARNING * * *
The quokka skeleton barely misses you. The orc hits you but does no damage.
The orc priest hits you with a +0 dagger.
* * * LOW HITPOINT WARNING * * *
The orc hits you but does no damage.
Unknown command.
It was a potion of haste.
You feel yourself speed up.
You feel less confused. The orc wizard barely misses you.
You block the quokka skeleton's attack. The orc hits you with a +0 whip.
You die...

............#....#......#.....#..
............'....'......+.....#..
............#....#......#.....#..
.....o.{....######......#########
..#######.........#####..........
..# #.........# #.......... ..#
#.........# #.......... ..#
#......ooo# #.......... ..#
#......Z@o# #.......... ###
#.......##+### #........
#.......# #.....### +.......#
#.....# #.......# +.....#
#.......# .. #.....# #.......#
#..#.....### ##..######...
#........#...


You could see an orc priest, an orc wizard, 2 orcs and a quokka skeleton.

Vanquished Creatures
  A necrophage (D:4)
  A hound (D:4)
  Crazy Yiuf (D:3)
  An iguana (D:4)
  5 gnolls
  3 adders
  3 worms
  5 dart slugs
  8 orcs
  4 bats
  10 endoplasms
  2 giant cockroaches
  7 goblins
  4 hobgoblins
  A quokka (D:3)
  A ball python (D:2)
  2 frilled lizards
  6 kobolds
  6 rats
71 creatures vanquished.

Notes
Turn   | Place    | Note
-------+----------+-------------------------------------------
     0 | D:1      | MisterFreud the Gnoll Fighter began the quest for the Orb.
     0 | D:1      | Reached XP level 1. HP: 23/23 MP: 1/1
    75 | D:1      | Reached XP level 2. HP: 27/29 MP: 2/2
   523 | D:1      | Reached XP level 3. HP: 35/35 MP: 3/3
  1135 | D:2      | Reached skill level 1 in Invocations
  1294 | D:2      | Reached skill level 1 in Long Blades
  1294 | D:2      | Reached skill level 1 in Axes
  1294 | D:2      | Reached skill level 1 in Maces & Flails
  1294 | D:2      | Reached skill level 1 in Polearms
  1294 | D:2      | Reached skill level 1 in Staves
  1294 | D:2      | Reached skill level 1 in Slings
  1294 | D:2      | Reached skill level 1 in Bows
  1294 | D:2      | Reached skill level 1 in Crossbows
  1294 | D:2      | Reached skill level 1 in Throwing
  1294 | D:2      | Reached skill level 1 in Dodging
  1294 | D:2      | Reached skill level 1 in Stealth
  1294 | D:2      | Reached skill level 1 in Unarmed Combat
  1294 | D:2      | Reached skill level 1 in Spellcasting
  1294 | D:2      | Reached skill level 1 in Evocations
  1440 | D:2      | Reached XP level 4. HP: 38/41 MP: 5/5
  1655 | D:2      | Reached skill level 1 in Conjurations
  1655 | D:2      | Reached skill level 1 in Hexes
  1655 | D:2      | Reached skill level 1 in Summonings
  1655 | D:2      | Reached skill level 1 in Necromancy
  1655 | D:2      | Reached skill level 1 in Translocations
  1655 | D:2      | Reached skill level 1 in Transmutations
  1655 | D:2      | Reached skill level 1 in Fire Magic
  1655 | D:2      | Reached skill level 1 in Ice Magic
  1655 | D:2      | Reached skill level 1 in Air Magic
  1655 | D:2      | Reached skill level 1 in Earth Magic
  1655 | D:2      | Reached skill level 1 in Poison Magic
  1663 | D:2      | HP: 2/41 [poisoned by a gnoll]
  2406 | D:3      | Reached XP level 5. HP: 47/47 MP: 6/6
  2760 | D:3      | Found a faded altar of an unknown god.
  2843 | D:3      | Became a worshipper of Uskayaw the Reveller
  2843 | D:3      | Reached * piety under Uskayaw
  3413 | D:3      | Found a runed translucent door.
  3414 | D:3      | Noticed Crazy Yiuf
  3421 | D:3      | Killed Crazy Yiuf
  3421 | D:3      | Reached ** piety under Uskayaw
  3582 | D:4      | Found a staircase to the Ecumenical Temple.
  3608 | D:4      | Reached XP level 6. HP: 53/53 MP: 8/8
  3628 | D:4      | Noticed a necrophage
  3648 | D:4      | Killed a necrophage
  3649 | D:4      | Reached skill level 5 in Short Blades
  3649 | D:4      | Reached *** piety under Uskayaw
  3895 | D:4      | Slain by an orc

Illustrated notes

Levels and vault maps discovered:
D:1:      matt_arrival_los_fun, layout_basic
D:2:      layout_rooms, minmay_tetromino_i2
D:3:      minmay_door_path, layout_loops_corners,
          hellmonk_ecumenical_altar_zigzags, uniq_crazy_yiuf_cottage
D:4:      layout_gridville, minmay_temple_entry_enclosed_plants

Skill      XL: |  1  2  3  4  5  6 |
---------------+-------------------+-----
Invocations    | 1 2 |  2.2
Long Blades    | 1 2 |  2.0
Axes           | 1 2 |  2.0
Maces & Flails | 1 2 |  2.0
Polearms       | 1 2 |  2.0
Staves         | 1 2 |  2.0
Slings         | 1 2 |  2.0
Bows           | 1 2 |  2.0
Crossbows      | 1 2 |  2.0
Throwing       | 1 2 |  2.0
Dodging        | 1 2 |  2.0
Stealth        | 1 2 |  2.0
Unarmed Combat | 1 2 |  2.0
Spellcasting   | 1 2 |  2.0
Evocations     | 1 2 |  2.0
Conjurations   | 1 |  1.6
Hexes          | 1 |  1.6
Summonings     | 1 |  1.6
Necromancy     | 1 |  1.6
Translocations | 1 |  1.6
Transmutations | 1 |  1.6
Fire Magic     | 1 |  1.6
Ice Magic      | 1 |  1.6
Air Magic      | 1 |  1.6
Earth Magic    | 1 |  1.6
Poison Magic   | 1 |  1.6
Short Blades   | 5 |  5.0
Fighting       | |  6.8
Armour         | |  6.8
Shields        | |  6.8

Action                   |  1- 3 |  4- 6 || total
-------------------------+-------+-------++-------
Melee: Rapier            |   117 |    57 ||   174
       Bite              |     9 |    11 ||    20
       Whip              |       |    83 ||    83
  Use: Potion            |       |     1 ||     1
Armor: Scale mail        |    42 |    40 ||    82
Dodge: Dodged            |    25 |    40 ||    65
Block: Kite shield       |    49 |    78 ||   127
